 Dungeon Crawl Stone Soup version 0.25.1-2-g60ff931df9 (webtiles) character file.

Game seed: 11050002896331267246

65 Qrupt the Magician (level 4, -5/28 HPs)
             Began as an Octopode Wizard on Oct 13, 2020.
             Killed from afar by Ijyb (16 damage)
             ... with an iceblast
             ... on level 3 of the Dungeon.
             The game lasted 00:05:18 (3216 turns).

Qrupt the Magician (Octopode Wizard)                Turns: 3216, Time: 00:05:18

Health: -5/28      AC:  1    Str:  6    XL:     4   Next: 14%
Magic:  9/9        EV: 13    Int: 21    God:
Gold:   52         SH:  0    Dex: 10    Spells: 8/9 levels left

rFire    . . .     SeeInvis .   f - +0 dagger
rCold    . . .     Gourm    .   (no shield)
rNeg     . . .     Faith    .   a - +0 hat
rPois    .         Spirit   .   (no amulet)
rElec    .         Reflect  .   (no ring)
rCorr    .         Harm     .   (no ring)
MR       .....                  (no ring)
Stlth    +++.......             (no ring)
HPRegen  0.09/turn              (no ring)
MPRegen  0.11/turn              (no ring)
                                (no ring)
                                (no ring)

@: no status effects
A: almost no armour, stealthy swim, amphibious, 8 rings, constrict 8, camouflage
1, gelatinous body 1
a: no special abilities


You were on level 3 of the Dungeon.
You were very hungry.

You visited 1 branch of the dungeon, and saw 3 of its levels.

You collected 52 gold pieces.

Inventory:

Hand Weapons
 f - a +0 dagger (weapon)
Armour
 a - a +0 hat (worn)
Scrolls
 b - a scroll of magic mapping {unknown}
Potions
 e - a potion of haste {unknown}
Comestibles
 c - 4 rations


   Skills:
 + Level 1.5 Fighting
 + Level 2.7 Dodging
 - Level 2.6 Stealth
 + Level 3.4 Spellcasting
 + Level 2.0 Conjurations
   Level 1.0 Summonings
   Level 1.0 Translocations


You had 8 spell levels left.
You knew the following spells:

 Your Spells              Type           Power        Failure   Level  Hunger
a - Magic Dart            Conj           ##..         5%          1    None

Your spell library contained the following spells:

 Spells                   Type           Power        Failure   Level  Hunger
 Blink                    Tloc           N/A          13%         2    ##.....
 Call Imp                 Summ           #.......     13%         2    ##.....
 Slow                     Hex            #.......     19%         2    ##.....
 Conjure Flame            Conj/Fire      #.......     26%         3    ###....
 Mephitic Cloud           Conj/Pois/Air  #.......     28%         3    ###....


Dungeon Overview and Level Annotations

Branches:
Dungeon (3/15)

Altars:
Cheibriados
Uskayaw

Annotations:
D:3 Ijyb


Innate Abilities, Weirdness & Mutations

You cannot wear most types of armour.
You are very stealthy in the water. (Stealth+)
You are amphibious.
You can wear up to eight rings at the same time.
You can use your tentacles to constrict eight enemies at once.
Your skin changes colour to match your surroundings (Stealth+).
Your rubbery body absorbs attacks. (AC +1, EV +1)


Message History

Found a scroll labeled LOT UTOSENWOEKKYBU.
Found a stone staircase leading up.
A frilled lizard comes into view.
The helpless kobold fails to defend itself.
You hit the kobold.
You kill the kobold!
A frilled lizard comes into view.
The helpless frilled lizard fails to defend itself.
You hit the frilled lizard.
You kill the frilled lizard!
Ijyb shouts!
Ijyb zaps a wand.
The mass of ice explodes!
The iceblast engulfs you! Ijyb closely misses you.
Found a mace.
You barely miss Ijyb. You grab Ijyb. You constrict Ijyb.
Ijyb hits you with a +2 dagger of protection.
You release your grip on Ijyb.
Ijyb zaps a wand.
The mass of ice explodes!
The iceblast engulfs you!
Ouch! That really hurt!
You die...

.# )#.. ......
##.#...
..........
#####...#....
.......#...#
#.g.l#..?#
#....#...# ###
#...@#...#...
#........#.#####
##+#............
#.....#+####+
#.###........
#.# #...$....
#.# #........
#.# #...?....
#.# #<#+####+


You could see Ijyb and a frilled lizard.

Vanquished Creatures
  2 oozes (D:1)
  3 dart slugs
  3 leopard geckos
  3 giant cockroaches (D:1)
  9 hobgoblins
  3 jackals (D:2)
  5 kobolds
  A quokka (D:2)
  3 ball pythons
  5 bats
  4 frilled lizards
  2 goblins (D:1)
  A rat (D:1)
44 creatures vanquished.

Notes
Turn   | Place    | Note
-------+----------+-------------------------------------------
     0 | D:1      | Qrupt the Octopode Wizard began the quest for the Orb.
     0 | D:1      | Reached XP level 1. HP: 11/11 MP: 4/4
   553 | D:1      | Reached XP level 2. HP: 18/18 MP: 6/6
  1232 | D:1      | Reached skill level 1 in Fighting
  1318 | D:1      | Reached XP level 3. HP: 19/23 MP: 0/7
  2316 | D:2      | Found a faded altar of an unknown god.
  2629 | D:2      | Reached XP level 4. HP: 19/28 MP: 5/9
  2886 | D:2      | Found a hide-covered altar of Uskayaw.
  2989 | D:2      | Found a snail-covered altar of Cheibriados.
  3204 | D:3      | Noticed Ijyb
  3216 | D:3      | Killed from afar by Ijyb

Illustrated notes

Levels and vault maps discovered:
D:1:      ncdulo_watergridlock, layout_loops_ring, serial_bayou_ford_a,
          serial_bayou_crossing
D:2:      layout_loops_cross, kennysheep_slug_shrine, lemuel_crystal_altar,
          chequers_ecumenical_altar_grove
D:3:      layout_basic, marbit_many_paths, portal_sewer_entry_f, uniq_sigmund,
          uniq_ijyb

Skill      XL: |  1  2  3 |
---------------+----------+-----
Fighting       | 1 |  1.5
Conjurations   | 2 |  2.0
Dodging        | |  2.7
Stealth        | |  2.6
Spellcasting   | |  3.4
Summonings     | |  1.0
Translocations | |  1.0

Action                   |  1- 3 |  4- 6 || total
-------------------------+-------+-------++-------
Melee: Unarmed           |    95 |       ||    95
       Constrict         |    29 |     1 ||    30
       Tentacles         |    15 |       ||    15
       Dagger            |    45 |     6 ||    51
 Cast: Magic Dart        |    31 |    11 ||    42
 Stab: Sleeping          |    13 |     2 ||    15
  Eat: Chunk             |     5 |     1 ||     6
Armor: Skin              |    13 |       ||    13
Dodge: Dodged            |    92 |     5 ||    97
